 Dungeon Crawl Stone Soup version 0.29.0 (webtiles) character file.

Game seed: 13802486177229711561

5828 NinjaNoafa the Destroyer (level 10, -17/73 HPs)
             Began as a Purple Draconian Conjurer on Aug 24, 2022.
             Was a Believer of Vehumet.
             Killed by an exploding fulminant prism (30 damage)
             ... on level 9 of the Dungeon.
             The game lasted 00:39:09 (13225 turns).

NinjaNoafa the Destroyer (DrCj)                    Turns: 13225, Time: 00:39:09

Health: -17/73     AC: 10    Str: 10    XL:     10   Next: 51%
Magic:  15/26      EV: 13    Int: 29    God:    Vehumet [**....]
Gold:   408        SH:  0    Dex:  9    Spells: 1/19 levels left

rFire   . . .      SeeInvis .   f - +3 dagger (venom)
rCold   . . .      Faith    .   (no shield)
rNeg    . . .      Spirit   .   (body armour unavailable)
rPois   .          Reflect  .   (helmet restricted)
rElec   .          Harm     .   r - scarf {repulsion}
rCorr   .          Rampage  .   b - +2 pair of gloves
Will    +....      Rnd*Tele +   (no boots)
Stlth   ++........              (no amulet)
HPRegen 0.22/turn               y - +6 ring of intelligence
MPRegen 0.20/turn               z - ring of magical power

@: repel missiles
A: breathe power, AC +7, unfitting armour, cold-blooded, claws 1, teleportitis 1
a: Breathe Dispelling Energy, Renounce Religion


You were on level 9 of the Dungeon.
You worshipped Vehumet.
Vehumet was pleased with you.
You visited 2 branches of the dungeon, and saw 10 of its levels.

You collected 612 gold pieces.
You spent 204 gold pieces at shops.

Inventory:

Hand Weapons
 f - a +3 dagger of venom (weapon)
Missiles
 c - 97 stones
 g - 2 atropa-tipped darts
 p - 14 poisoned darts
 u - 6 javelins
Armour
 b - a +2 pair of gloves (worn)
 r - a scarf of repulsion (worn)
Magical Staves
 t - a staff of fire
Jewellery
 i - a +4 ring of protection
 j - a ring of poison resistance
 y - a +6 ring of intelligence (left hand)
 z - a ring of magical power (right hand)
Wands
 d - a wand of digging (3)
Scrolls
 h - a scroll of noise
 k - a scroll of torment
 m - a scroll of poison
 n - 2 scrolls of vulnerability
 o - a scroll of immolation
 q - a scroll of fear
 s - 2 scrolls of summoning
 v - a scroll of magic mapping {unknown}
 w - 2 scrolls of teleportation
Potions
 a - 2 potions of curing
 e - a potion of ambrosia
 x - a potion of invisibility


   Skills:
 - Level 2.0 Fighting
 - Level 3.0 Short Blades
 - Level 5.0 Dodging
 - Level 3.0 Stealth
 + Level 5.0 Spellcasting
 - Level 8.0 Conjurations
 - Level 7.0 Hexes
 - Level 4.0 Fire Magic
 - Level 7.0 Earth Magic
 - Level 6.0 Evocations


You had one spell level left.
You knew the following spells:

 Your Spells              Type           Power      Damage    Failure   Level
a - Magic Dart            Conj           100%       1d8       1%          1
b - Searing Ray           Conj           100%       2d8       1%          2
c - Dazzling Flash        Conj/Hex       100%       N/A       1%          3
d - Confusing Touch       Hex            47%        N/A       1%          3
e - Shock                 Conj/Air       100%       1d9       1%          1
f - Stone Arrow           Conj/Erth      100%       3d13      1%          3
g - Foxfire               Conj/Fire      100%       2x1d9     1%          1
h - Fulminant Prism       Conj/Hex       25%        3d14      2%          4

Your spell library contained the following spells:

 Spells                   Type           Power      Damage    Failure   Level
 Beastly Appendage        Tmut           14%        N/A       6%          1
 Sting                    Tmut/Pois      28%        1d4       6%          1
 Leda's Liquefaction      Hex/Erth       23%        N/A       3%          4
 Summon Guardian Golem    Hex/Summ       27%        N/A       4%          3
 Poisonous Vapours        Pois/Air       14%        N/A       10%         2
 Wereblood                Tmut           7%         N/A       10%         2
 Lee's Rapid Deconstruct  Erth           23%        3d14*     10%         5
 Iskenderun's Mystic Bla  Conj/Tloc      30%        2d8       12%         4
 Gell's Gravitas          Tloc           7%         N/A       19%         3
 Lesser Beckoning         Tloc           7%         N/A       19%         3
 Spider Form              Tmut/Pois      7%         N/A       19%         3
 Teleport Other           Tloc           7%         N/A       19%         3
 Yara's Violent Unravell  Hex/Tmut       13%        3d7       38%         5
 Corpse Rot               Necr/Pois/Air  7%         N/A       52%         4
 Olgreb's Toxic Radiance  Pois           7%         N/A       52%         4
 Orb of Destruction       Conj           26%        9d9       89%         7
 Statue Form              Tmut/Erth      18%        N/A       92%         6
 Enfeeble                 Hex            23%        N/A       96%         7
 Spellforged Servitor     Conj/Summ      15%        N/A       100%        7
 Lehudib's Crystal Spear  Conj/Erth      25%        10d7      100%        8
 Animate Armour           Summ/Erth      Unusable   N/A       N/A         4

Dungeon Overview and Level Annotations

Branches:
Dungeon (9/15)             Temple (1/1) D:7
   Lair: D:8-11         Orc: D:9-12

Altars:
Cheibriados
Dithmenos
Elyvilon
Fedhas
Gozag
Hepliaklqana
Kikubaaqudgha
Makhleb
Nemelex Xobeh
Ru
Sif Muna
Trog
Uskayaw
Vehumet
Wu Jian
Xom
Yredelemnul
Zin
The Shining One

Shops:
D:8 ?

Annotations:
D:4 1 transporter, BrainTurd's ghost, amateur DESu


Innate Abilities, Weirdness & Mutations

You can breathe bolts of dispelling energy.
Your rich purple scales are hard. (AC +7)
You cannot fit into any form of body armour.
You are cold-blooded and may be slowed by cold attacks.
You have sharp fingernails.
You are occasionally teleported next to monsters.


Message History

Confirm with . or Enter, or press ? or * to list all spells.
Casting: Dazzling Flash (safe; 1% risk of failure)
Press: ? - help, Dir - look around, f - activate The orc warrior is dazzled.
The orc warrior hits you but does no damage.
Casting: Dazzling Flash (safe; 1% risk of failure)
Confirm with . or Enter, or press ? or * to list all spells.
Aiming: Stone Arrow (safe; 1% risk of failure)
Press: ? - help, Shift-Dir - straight line, f - orc warrior
Aim: an orc warrior, wielding a +0 hand axe and wearing a +0 plate armour (severely wounded, blind, 78% to hit)
The stone arrow hits the orc warrior!
You kill the orc warrior!
Vehumet accepts your kill.
Training target 4.0 for Fire Magic reached!
Your Fire Magic skill increases to level 4!
You need to enable at least one skill for training.
Okay, then.
You have got your breath back.
A gnoll bouda is nearby!
You see here a +0 shortbow.
Found a stone staircase leading down.
You open the door.
Found 14 gold pieces.
Casting: Stone Arrow (safe; 1% risk of failure)
Confirm with . or Enter, or press ? or * to list all spells.
You can't see any susceptible monsters within range! (Use Z to cast anyway.)
Casting: Stone Arrow (safe; 1% risk of failure)
Confirm with . or Enter, or press ? or * to list all spells.
Aiming: Fulminant Prism (dangerous; 2% risk of failure)
Press: ? - help, Dir - move target You conjure a prism of explosive energy!
A fulminant prism comes into view.
Your fulminant prism crackles loudly.
There is an open door here.
The gnoll bouda hits your fulminant prism with a +0 whip.
Your fulminant prism explodes!
The blast of energy engulfs the gnoll bouda!
The gnoll bouda is severely wounded.
The blast of energy engulfs you!!
You die...

#.....##...
##############.....#....
...................#.##.
........[.......)..#.##.
.>............).)..'.##.
.........g.........#....
...................#....
#######'############....
.......@....... .....
.......$....... ..#..
............... ..#..
...........#... ......
...............
...............
###############


You could see a gnoll bouda.

Vanquished Creatures
  A two-headed ogre (D:9)
  Sigmund (D:5)
  A yak (D:6)
  4 vampire mosquitoes
  An acid dragon (D:8)
  4 water moccasins
  Duvessa (D:6)
  An ice beast (D:7)
  3 sky beasts
  2 orc warriors
  2 black bears (D:5)
  3 ogres
  5 centaurs
  A phantom (D:5)
  A kobold brigand (D:6)
  7 scorpions
  6 bullfrogs
  A necrophage (D:6)
  A wight (D:9)
  Dowan (D:6)
  3 howler monkeys
  7 crimson imps (D:8)
  6 jellies
  2 gnoll boudas
  5 hounds
  An iguana (D:6)
  4 orc priests
  4 orc wizards
  6 gnolls
  10 adders
  4 shadow imps
  3 white imps
  An ufetubus (D:5)
  A dart slug (D:1)
  37 orcs
  13 ball pythons
  6 bats
  6 endoplasms
  3 giant cockroaches
  8 hobgoblins
  8 jackals
  12 kobolds
  2 quokkas
  5 frilled lizards
  2 goblins
  A goblin skeleton (D:7)
  2 goblin zombies (D:7)
  A hobgoblin zombie (D:7)
  2 kobold skeletons (D:7)
  A kobold zombie (D:7)
  2 orc skeletons (D:7)
  7 rats
222 creatures vanquished.

Vanquished Creatures (others)
  An orc wizard (D:3)
  63 foxfires
  6 fulminant prisms (D:9)
70 creatures vanquished.

Grand Total: 292 creatures vanquished

Notes
Turn   | Place    | Note
-------+----------+-------------------------------------------
     0 | D:1      | NinjaNoafa the Draconian Conjurer began the quest for the
                  | Orb.
     0 | D:1      | Reached XP level 1. HP: 14/14 MP: 3/3
   237 | D:1      | Reached skill level 1 in Hexes
   237 | D:1      | Reached XP level 2. HP: 19/20 MP: 1/5
   477 | D:1      | You fall into a shaft and drop 1 floor!
   603 | D:1      | Reached XP level 3. HP: 13/26 MP: 0/6
  1122 | D:1      | Learned a level 2 spell: Searing Ray
  1538 | D:2      | Identified the +9 short sword "Aset" {freeze, rF- Dex+5
                  | SInv}
  1755 | D:2      | Reached XP level 4. HP: 33/33 MP: 1/7
  1834 | D:2      | Reached skill level 1 in Earth Magic
  2335 | D:2      | Reached skill level 5 in Conjurations
  2736 | D:2      | Reached XP level 5. HP: 38/38 MP: 5/8
  2944 | D:3      | Gained mutation: You possess an exceptional clarity of
                  | mind. [potion of mutation]
  2944 | D:3      | Gained mutation: Your magical capacity is low. (-10% MP)
                  | [potion of mutation]
  2944 | D:3      | Gained mutation: You expend magic power (3 MP) to
                  | strengthen your wands. [potion of mutation]
  3485 | D:3      | Reached XP level 6. HP: 13/45 MP: 4/8
  3935 | D:3      | Found a shadowy altar of Dithmenos.
  4113 | D:4      | Found an ancient bone altar of Kikubaaqudgha.
  4274 | D:4      | Found a transporter.
  4292 | D:4      | Noticed BrainTurd's ghost (amateur DESu)
  4295 | D:4      | Found a transporter.
  4358 | D:4      | Reached skill level 6 in Conjurations
  4484 | D:4      | Found an opulent altar of Gozag.
  4604 | D:4      | Found a hide-covered altar of Uskayaw.
  4724 | D:4      | Found a sacrificial altar of Ru.
  4735 | D:4      | Your scales start taking on a rich purple colour.
  4735 | D:4      | Reached XP level 7. HP: 49/50 MP: 5/9
  5081 | D:4      | Reached skill level 5 in Hexes
  5449 | D:4      | HP: 2/50 [river rat[BrainTurd's ghost] (6)]
  5458 | D:4      | HP: 2/50 [poisoned by a killer bee]
  5824 | D:5      | Entered Level 5 of the Dungeon
  5866 | D:5      | Reached skill level 1 in Evocations
  6154 | D:5      | Learned a level 3 spell: Dazzling Flash
  6163 | D:5      | Learned a level 3 spell: Confusing Touch
  6486 | D:5      | Found a bloodstained altar of Trog.
  6486 | D:5      | Found a radiant altar of Vehumet.
  6495 | D:5      | Became a worshipper of Vehumet
  6652 | D:5      | Noticed Sigmund
  6663 | D:5      | Killed Sigmund
  6664 | D:5      | Reached XP level 8. HP: 57/57 MP: 0/10
  7201 | D:5      | Reached skill level 1 in Short Blades
  7201 | D:5      | Reached skill level 5 in Dodging
  7505 | D:6      | Reached skill level 1 in Fighting
  8322 | D:6      | Found an ornate altar of the Wu Jian Council.
  8358 | D:6      | Reached skill level 5 in Spellcasting
  8367 | D:6      | Reached XP level 9. HP: 65/67 MP: 6/14
  8457 | D:6      | Lost mutation: You possess an exceptional clarity of mind.
                  | [potion of mutation]
  8457 | D:6      | Lost mutation: Your magical capacity is low. (-10% MP)
                  | [potion of mutation]
  8457 | D:6      | Gained mutation: You are frail. (-10% HP) [potion of
                  | mutation]
  8474 | D:6      | Noticed Duvessa
  8474 | D:6      | Noticed Dowan
  8489 | D:6      | Killed Duvessa
  8498 | D:6      | Killed Dowan
  9198 | D:6      | Reached * piety under Vehumet
  9198 | D:6      | Offered knowledge of Shock by Vehumet.
  9322 | D:6      | Reached skill level 7 in Conjurations
  9327 | D:6      | Reached skill level 5 in Evocations
  9529 | D:6      | Reached skill level 8 in Conjurations
  9531 | D:6      | Learned a level 1 spell: Shock
  9535 | D:6      | Learned a level 3 spell: Stone Arrow
  9850 | D:6      | Found a basalt altar of Yredelemnul.
 10073 | D:7      | Found a glowing golden altar of the Shining One.
 10256 | D:7      | Found a staircase to the Ecumenical Temple.
 10259 | D:7      | Offered knowledge of Foxfire by Vehumet.
 10267 | D:7      | Reached ** piety under Vehumet
 10271 | D:7      | Learned a level 1 spell: Foxfire
 10378 | Temple   | Entered the Ecumenical Temple
 10600 | D:7      | Found a blossoming altar of Fedhas.
 10689 | D:7      | Reached skill level 1 in Fire Magic
 11443 | D:8      | Reached XP level 10. HP: 65/65 MP: 10/17
 11883 | D:8      | Lost mutation: You expend magic power (3 MP) to strengthen
                  | your wands. [potion of mutation]
 11883 | D:8      | Lost mutation: You are frail. (-10% HP) [potion of
                  | mutation]
 11883 | D:8      | Gained mutation: You have sharp fingernails. [potion of
                  | mutation]
 11883 | D:8      | Gained mutation: You are occasionally teleported next to
                  | monsters. [potion of mutation]
 11901 | D:8      | Reached skill level 5 in Earth Magic
 12300 | D:8      | Found a white marble altar of Elyvilon.
 12660 | D:8      | Found Cefegrev's Magic Scroll Shoppe.
 12684 | D:8      | Bought a scroll of summoning for 114 gold pieces
 12684 | D:8      | Bought a scroll of enchant armour for 90 gold pieces
 12830 | D:8      | Learned a level 4 spell: Fulminant Prism
 13017 | D:9      | Identified the +2 helmet of a Gauntlet {Str+6}
 13153 | D:9      | Found a shimmering altar of Xom.
 13153 | D:9      | Noticed a two-headed ogre
 13173 | D:9      | Killed a two-headed ogre
 13225 | D:9      | Killed by an exploding fulminant prism

Illustrated notes

Levels and vault maps discovered:
D:1:      mushboom_english_gardens, layout_basic, minivault_5,
          hangedman_decor_push, minmay_hexomino_f4
D:2:      minmay_chambers_of_twos, layout_basic, serial_glass, glass_columns_b,
          glass_columns_b
D:3:      layout_basic, mainiacjoe_overflow_brackets
D:4:      layout_layer_cave, kennysheep_mini_moat, amcnicky_altar_gilded,
          nicolae_ru_great_annihilating_truth, grunt_gozag_statues,
          gammafunk_ghost_arena, chequers_serial_rivers_micro_e
D:5:      layout_basic, amethyst_overflow_temple_binary, uniq_sigmund
D:6:      minmay_bubble_buster, layout_loops_corners,
          nicolae_wu_jian_wuxing_cycle, kennysheep_little_box, uniq_duvessa
D:7:      layout_cave_pods, nicolae_tso_besieged_by_evil, fedhas_altar_2,
          temple_doors_e
D:8:      layout_basic, mainiacjoe_overflow_catwalk, serial_shops, shop,
          minmay_nine_imps
D:9:      layout_stronghold, xom_confusion_cloud, mainiacjoe_overflow_alcove_2,
          erik_lair_dragon, hiddenorc1_lemuel
Temple:   hellmonk_temple_flake

Skill      XL: |  1  2  3  4  5  6  7  8  9 10 |
---------------+-------------------------------+-----
Hexes          | 1 2 3 4 5 7 |  7.0
Earth Magic    | 1 2 3 4 7 |  7.0
Conjurations   | 5 6 8 |  8.0
Evocations     | 3 6 |  6.0
Dodging        | 3 5 |  5.0
Stealth        | 3 |  3.0
Short Blades   | 3 |  3.0
Fighting       | 2 |  2.0
Spellcasting   | 5 |  5.0
Fire Magic     | 3 4 |  4.0

Action                   |  1- 3 |  4- 6 |  7- 9 | 10-12 || total
-------------------------+-------+-------+-------+-------++-------
Melee: Short sword       |    17 |     6 |       |       ||    23
       Tailslap          |     2 |     4 |    16 |    11 ||    33
       Punch             |     1 |       |     2 |       ||     3
       Dagger            |       |    40 |   108 |    61 ||   209
       Staff             |       |       |     2 |    10 ||    12
 Cast: Magic Dart        |    72 |    43 |    48 |    10 ||   173
       Searing Ray       |     2 |    27 |    48 |     4 ||    81
       Confusing Touch   |       |       |     6 |     3 ||     9
       Dazzling Flash    |       |       |     7 |     5 ||    12
       Foxfire           |       |       |    21 |    14 ||    35
       Stone Arrow       |       |       |    12 |    18 ||    30
       Shock             |       |       |     5 |     3 ||     8
       Fulminant Prism   |       |       |       |     6 ||     6
 Abil: Breathe Dispellin |       |       |     9 |     3 ||    12
Evoke: Wand              |       |       |     1 |       ||     1
  Use: Potion            |     2 |     4 |     8 |     6 ||    20
       Scroll            |       |       |    10 |     2 ||    12
 Stab: Confused          |       |       |     1 |     1 ||     2
       Invisible         |       |       |     1 |     1 ||     2
Armor: Skin              |    24 |    30 |   119 |    86 ||   259
Dodge: Dodged            |    54 |    26 |   210 |   114 ||   404
